 Dungeon Crawl Stone Soup version 0.32-a0-433-g08bcfe7 (webtiles) character file.

Game seed: 5733262648898019889

576 Dorkslayer the Ruffian (level 6, 0/51 HPs)
             Began as a Demigod Fighter on Feb 22, 2024.
             Succumbed to a kobold's poison
             ... on level 4 of the Dungeon.
             The game lasted 00:10:28 (2772 turns).

Dorkslayer the Ruffian (Demigod Fighter)            Turns: 2772, Time: 00:10:28

Health: 0/51       AC: 14    Str: 21    XL:     6   Next: 88%
Magic:  8/8        EV: 12    Int: 10    God:
Gold:   196        SH:  5    Dex: 17    Spells: 5/5 levels left

rFire   . .          .
                       - Unarmed
rCold   . . .        b - +0 buckler
rNeg    . . .        u - +0 plate armour
rPois   .            (no helmet)
rElec   .            k - +0 cloak
rCorr   .            j - +0 pair of gloves
SInv    .            (no boots)
Will    .....        (no amulet) Stlth
                     n - +5 ring of evasion
HPRegen 0.28/turn    (no ring)
MPRegen 0.11/turn

%: no passive effects
@: lethally poisoned (0 -> -2)
A: high MP 1, forlorn, divine attributes
a: no special abilities


You were on level 4 of the Dungeon.
You visited 1 branch of the dungeon, and saw 4 of its levels.

You collected 196 gold pieces.

Inventory:

Hand Weapons
 e - a +0 mace
Armour
 b - a +0 buckler (worn)
 j - a +0 pair of gloves (worn)
 k - a +0 cloak (worn)
 u - a +0 plate armour (worn)
Jewellery
 n - a +5 ring of evasion (left hand)
Talismans
 p - a blade talisman
Scrolls
 d - a scroll of fog {unknown}
 f - a scroll of blinking {unknown}
 g - 4 scrolls of teleportation {unknown}
 h - 7 scrolls of identify {unknown}
 i - a scroll of brand weapon {unknown}
 l - a scroll of fear {unknown}
 m - a scroll of poison {unknown}
Potions
 a - a potion of magic {unknown}
 c - a potion of might
 o - 2 potions of mutation {unknown}
 q - a potion of invisibility {unknown}
 r - a potion of heal wounds {unknown}
 s - a potion of curing {unknown}
 t - 2 potions of lignification {unknown}
 v - a potion of degeneration {unknown}


   Skills:
 + Level 3.0 Fighting
 + Level 4.0 Armour
 * Level 2.8 Dodging
 + Level 0.3 Stealth
 + Level 3.3 Shields
 + Level 4.4 Unarmed Combat
 * Level 1.8 Shapeshifting


You had 5 spell levels left.
You didn't know any spells.
Your spell library contained the following spells:

 Spells                   Type           Power      Damage    Failure   Level
 Kiss of Death            Conj/Necr      0%         2d5       100%        1
 Confusing Touch          Hex            0%         N/A       100%        3
 Dispel Undead            Necr           0%         3d6       100%        4


Dungeon Overview and Level Annotations

Branches:
Dungeon (4/15)
 Temple: D:4-7


Innate Abilities, Weirdness & Mutations

You have an increased reservoir of magic. (+10% MP)
You shall have no god before yourself.
Your divine heritage dramatically boosts your attributes as you level up.


Message History

You hit the ogre.
The ogre is heavily wounded.
The ogre hits you with a +0 giant spiked club!!
You hit the ogre.
The ogre is severely wounded.
The ogre closely misses you.
You hit the ogre.
The ogre is almost dead.
You hit the ogre.
You kill the ogre!
Things that are here:
a +0 giant spiked club; an ogre corpse A kobold comes into view.
It is wielding a +0 dagger of venom.
You start resting.
A kobold is nearby!
The kobold shouts!
Found a fuming golden potion.
A kobold and an ogre come into view.
The kobold shouts!
The ogre shouts!
You hear an angry hiss.
The kobold barely misses you.
You hit the kobold.
The kobold is heavily wounded.
The kobold hits you but does no damage.
You are poisoned.
You hit the kobold but do no damage.
The kobold is heavily wounded.
You feel sick. The kobold closely misses you.
You hit the kobold.
You kill the kobold!
You feel sick.
You feel sick.
Things that are here:
a +0 dagger of venom; a kobold corpse You closely miss the kobold.
You feel sick.
The ogre hits you with a +0 giant club!!
Ouch! That really hurt!
* * * LOW HITPOINT WARNING * * *
The kobold hits you but does no damage.
You closely miss the ogre.
You die...

#...... ####.#..#
....##......
......................#.
..!.....#.............#.
.................##...#.
........#.........##....
........#... #.#.......
......KO#.### #........#
#.@....###........#
#......#.......K..#
#........###.......
#......### #......#
#......# #.)....#
#......# #......#
#......# #......#
######## ########


You could see an ogre and a kobold.

Vanquished Creatures
  2 black bears
  2 ogres (D:4)
  A bombardier beetle (D:2)
  2 hounds (D:4)
  An iguana (D:4)
  4 adders
  2 ribbon worms
  2 dart slugs
  An orc (D:3)
  5 endoplasms
  3 giant cockroaches
  6 goblins
  6 hobgoblins
  3 jackals (D:1)
  3 quokkas
  6 ball pythons
  9 bats
  6 frilled lizards
  6 kobolds
  5 rats
75 creatures vanquished.

Notes
Turn   | Place    | Note
-------+----------+-------------------------------------------
     0 | D:1      | Dorkslayer the Demigod Fighter began the quest for the Orb.
     0 | D:1      | Reached XP level 1. HP: 18/18 MP: 3/3
    81 | D:1      | Reached XP level 2. HP: 23/25 MP: 4/4
   402 | D:1      | Reached skill level 1 in Dodging
   799 | D:2      | Reached XP level 3. HP: 30/30 MP: 5/5
  1307 | D:2      | Reached XP level 4. HP: 24/37 MP: 6/6
  1832 | D:3      | Noticed a black bear
  1847 | D:3      | Killed a black bear
  1848 | D:3      | Reached skill level 1 in Shapeshifting
  1848 | D:3      | Reached XP level 5. HP: 24/44 MP: 7/7
  2465 | D:4      | Noticed an ogre
  2473 | D:4      | Killed an ogre
  2530 | D:4      | Reached XP level 6. HP: 46/51 MP: 8/8
  2771 | D:4      | HP: 1/51 [ogre/+0 giant club (26)]
  2772 | D:4      | Succumbed to a kobold's poison

Illustrated notes

Levels and vault maps discovered:
D:1:      amcnicky_arrival_gap_in_the_tavern_cellar, layout_rooms
D:2:      layout_basic, basic_altar
D:3:      layout_basic, chequers_serial_rivers_large_a
D:4:      layout_rooms

Skill      XL: |  1  2  3  4  5  6 |
---------------+-------------------+-----
Unarmed Combat | 2 3 4 |  4.4
Dodging        | 1 2 |  2.8
Armour         | 3 4 |  4.0
Shields        | 3 |  3.3
Shapeshifting  | 1 |  1.8
Fighting       | 3 |  3.0
Stealth        | |  0.3

Action                     |  1- 3 |  4- 6 || total
---------------------------+-------+-------++-------
  Melee: Unarmed           |   192 |   184 ||   376
 Armour: Scale mail        |    74 |       ||    74
         Chain mail        |    41 |    58 ||    99
         Plate armour      |       |    54 ||    54
  Dodge: Dodged            |    84 |   139 ||   223
  Block: Buckler           |    32 |    35 ||    67

Table legend: (Time is in decaauts)
 A = Elapsed time spent in this place.
 B = Non-inter-level travel time spent in this place.
 C = Inter-level travel time spent in this place.
 D = Time resting spent in this place.
 E = Time spent auto-exploring this place.
 F = Levels seen in this place.
 G = Mean time per level.
                   A        B        C        D        E       F      G
               +--------+--------+--------+--------+--------+-----+--------+
         Total |   2775 |   2775 |      0 |     23 |   1329 |   4 |  693.8 |
       Dungeon |   2775 |   2775 |      0 |     23 |   1329 |   4 |  693.8 |
               +--------+--------+--------+--------+--------+-----+--------+

Top non-repeatable levels by time:
     D:2: 1027 daAuts
     D:3: 798 daAuts
     D:1: 647 daAuts
     D:4: 302 daAuts
